Workbook

Sheet Summary
A1: Insurance Campaign ROI Calculator
A2: Calculated from entered records. Attributed revenue uses the editable included-status setting on Assumptions.
A4: Portfolio Indicator | B4: Calculated Value | Z4: Campaign ID | AA4: Actual Cost | AB4: Included Revenue
A5: Campaigns entered | B5: =COUNTIF(Campaigns!$A$6:$A$105,"<>") | Z5: =IF(Campaigns!$A$6="","",Campaigns!$A$6) | AA5: =IF(OR(Campaigns!$A$6="",Campaigns!$H$6=""),"",Campaigns!$H$6) | AB5: =IF(OR(Campaigns!$A$6="",Campaigns!$J$6=""),NA(),Campaigns!$J$6)
A6: Transactions entered | B6: =COUNTIF(Transactions!$C$6:$C$105,"<>") | Z6: =IF(Campaigns!$A$7="","",Campaigns!$A$7) | AA6: =IF(OR(Campaigns!$A$7="",Campaigns!$H$7=""),"",Campaigns!$H$7) | AB6: =IF(OR(Campaigns!$A$7="",Campaigns!$J$7=""),NA(),Campaigns!$J$7)
A7: Total campaign budget | B7: =IF(COUNT(Campaigns!$G$6:$G$105)=0,"",SUM(Campaigns!$G$6:$G$105)) | Z7: =IF(Campaigns!$A$8="","",Campaigns!$A$8) | AA7: =IF(OR(Campaigns!$A$8="",Campaigns!$H$8=""),"",Campaigns!$H$8) | AB7: =IF(OR(Campaigns!$A$8="",Campaigns!$J$8=""),NA(),Campaigns!$J$8)
A8: Actual campaign cost | B8: =IF(COUNT(Campaigns!$H$6:$H$105)=0,"",SUM(Campaigns!$H$6:$H$105)) | Z8: =IF(Campaigns!$A$9="","",Campaigns!$A$9) | AA8: =IF(OR(Campaigns!$A$9="",Campaigns!$H$9=""),"",Campaigns!$H$9) | AB8: =IF(OR(Campaigns!$A$9="",Campaigns!$J$9=""),NA(),Campaigns!$J$9)
A9: Included commission revenue | B9: =IF(OR(Assumptions!$J$6="",COUNTIF(Transactions!$H$6:$H$105,Assumptions!$J$6)=0),"",SUM(Campaigns!$J$6:$J$105)) | Z9: =IF(Campaigns!$A$10="","",Campaigns!$A$10) | AA9: =IF(OR(Campaigns!$A$10="",Campaigns!$H$10=""),"",Campaigns!$H$10) | AB9: =IF(OR(Campaigns!$A$10="",Campaigns!$J$10=""),NA(),Campaigns!$J$10)
A10: Net return | B10: =IF(OR(B8="",B9=""),"",B9-B8) | Z10: =IF(Campaigns!$A$11="","",Campaigns!$A$11) | AA10: =IF(OR(Campaigns!$A$11="",Campaigns!$H$11=""),"",Campaigns!$H$11) | AB10: =IF(OR(Campaigns!$A$11="",Campaigns!$J$11=""),NA(),Campaigns!$J$11)
A11: Overall ROI | B11: =IFERROR(IF(OR(B8="",B8<=0,B9=""),"",(B9-B8)/B8),"") | Z11: =IF(Campaigns!$A$12="","",Campaigns!$A$12) | AA11: =IF(OR(Campaigns!$A$12="",Campaigns!$H$12=""),"",Campaigns!$H$12) | AB11: =IF(OR(Campaigns!$A$12="",Campaigns!$J$12=""),NA(),Campaigns!$J$12)
A12: Budget variance | B12: =IF(OR(B7="",B8=""),"",B7-B8) | Z12: =IF(Campaigns!$A$13="","",Campaigns!$A$13) | AA12: =IF(OR(Campaigns!$A$13="",Campaigns!$H$13=""),"",Campaigns!$H$13) | AB12: =IF(OR(Campaigns!$A$13="",Campaigns!$J$13=""),NA(),Campaigns!$J$13)
A13: Pending commission | B13: =IF(COUNTIF(Transactions!$H$6:$H$105,"Pending")=0,"",SUMIF(Transactions!$H$6:$H$105,"Pending",Transactions!$F$6:$F$105)) | Z13: =IF(Campaigns!$A$14="","",Campaigns!$A$14) | AA13: =IF(OR(Campaigns!$A$14="",Campaigns!$H$14=""),"",Campaigns!$H$14) | AB13: =IF(OR(Campaigns!$A$14="",Campaigns!$J$14=""),NA(),Campaigns!$J$14)
A14: Last transaction date | B14: =IF(COUNT(Transactions!$B$6:$B$105)=0,"",MAX(Transactions!$B$6:$B$105)) | Z14: =IF(Campaigns!$A$15="","",Campaigns!$A$15) | AA14: =IF(OR(Campaigns!$A$15="",Campaigns!$H$15=""),"",Campaigns!$H$15) | AB14: =IF(OR(Campaigns!$A$15="",Campaigns!$J$15=""),NA(),Campaigns!$J$15)
A20: Campaign ID | B20: Campaign Name | C20: Actual Cost | D20: Included Revenue | E20: Net Return | F20: ROI | G20: Status | H20: Human Check
A21: =IF(Campaigns!$A$6="","",Campaigns!$A$6) | B21: =IF(Campaigns!$A$6="","",Campaigns!$B$6) | C21: =IF(Campaigns!$A$6="","",IF(Campaigns!$H$6="","",Campaigns!$H$6)) | D21: =IF(Campaigns!$A$6="","",Campaigns!$J$6) | E21: =IF(Campaigns!$A$6="","",Campaigns!$K$6) | F21: =IF(Campaigns!$A$6="","",Campaigns!$L$6) | G21: =IF(Campaigns!$A$6="","",Campaigns!$I$6) | H21: =IF(Campaigns!$A$6="","",Campaigns!$M$6)
A22: =IF(Campaigns!$A$7="","",Campaigns!$A$7) | B22: =IF(Campaigns!$A$7="","",Campaigns!$B$7) | C22: =IF(Campaigns!$A$7="","",IF(Campaigns!$H$7="","",Campaigns!$H$7)) | D22: =IF(Campaigns!$A$7="","",Campaigns!$J$7) | E22: =IF(Campaigns!$A$7="","",Campaigns!$K$7) | F22: =IF(Campaigns!$A$7="","",Campaigns!$L$7) | G22: =IF(Campaigns!$A$7="","",Campaigns!$I$7) | H22: =IF(Campaigns!$A$7="","",Campaigns!$M$7)
A23: =IF(Campaigns!$A$8="","",Campaigns!$A$8) | B23: =IF(Campaigns!$A$8="","",Campaigns!$B$8) | C23: =IF(Campaigns!$A$8="","",IF(Campaigns!$H$8="","",Campaigns!$H$8)) | D23: =IF(Campaigns!$A$8="","",Campaigns!$J$8) | E23: =IF(Campaigns!$A$8="","",Campaigns!$K$8) | F23: =IF(Campaigns!$A$8="","",Campaigns!$L$8) | G23: =IF(Campaigns!$A$8="","",Campaigns!$I$8) | H23: =IF(Campaigns!$A$8="","",Campaigns!$M$8)
A24: =IF(Campaigns!$A$9="","",Campaigns!$A$9) | B24: =IF(Campaigns!$A$9="","",Campaigns!$B$9) | C24: =IF(Campaigns!$A$9="","",IF(Campaigns!$H$9="","",Campaigns!$H$9)) | D24: =IF(Campaigns!$A$9="","",Campaigns!$J$9) | E24: =IF(Campaigns!$A$9="","",Campaigns!$K$9) | F24: =IF(Campaigns!$A$9="","",Campaigns!$L$9) | G24: =IF(Campaigns!$A$9="","",Campaigns!$I$9) | H24: =IF(Campaigns!$A$9="","",Campaigns!$M$9)
A25: =IF(Campaigns!$A$10="","",Campaigns!$A$10) | B25: =IF(Campaigns!$A$10="","",Campaigns!$B$10) | C25: =IF(Campaigns!$A$10="","",IF(Campaigns!$H$10="","",Campaigns!$H$10)) | D25: =IF(Campaigns!$A$10="","",Campaigns!$J$10) | E25: =IF(Campaigns!$A$10="","",Campaigns!$K$10) | F25: =IF(Campaigns!$A$10="","",Campaigns!$L$10) | G25: =IF(Campaigns!$A$10="","",Campaigns!$I$10) | H25: =IF(Campaigns!$A$10="","",Campaigns!$M$10)
A26: =IF(Campaigns!$A$11="","",Campaigns!$A$11) | B26: =IF(Campaigns!$A$11="","",Campaigns!$B$11) | C26: =IF(Campaigns!$A$11="","",IF(Campaigns!$H$11="","",Campaigns!$H$11)) | D26: =IF(Campaigns!$A$11="","",Campaigns!$J$11) | E26: =IF(Campaigns!$A$11="","",Campaigns!$K$11) | F26: =IF(Campaigns!$A$11="","",Campaigns!$L$11) | G26: =IF(Campaigns!$A$11="","",Campaigns!$I$11) | H26: =IF(Campaigns!$A$11="","",Campaigns!$M$11)
A27: =IF(Campaigns!$A$12="","",Campaigns!$A$12) | B27: =IF(Campaigns!$A$12="","",Campaigns!$B$12) | C27: =IF(Campaigns!$A$12="","",IF(Campaigns!$H$12="","",Campaigns!$H$12)) | D27: =IF(Campaigns!$A$12="","",Campaigns!$J$12) | E27: =IF(Campaigns!$A$12="","",Campaigns!$K$12) | F27: =IF(Campaigns!$A$12="","",Campaigns!$L$12) | G27: =IF(Campaigns!$A$12="","",Campaigns!$I$12) | H27: =IF(Campaigns!$A$12="","",Campaigns!$M$12)
A28: =IF(Campaigns!$A$13="","",Campaigns!$A$13) | B28: =IF(Campaigns!$A$13="","",Campaigns!$B$13) | C28: =IF(Campaigns!$A$13="","",IF(Campaigns!$H$13="","",Campaigns!$H$13)) | D28: =IF(Campaigns!$A$13="","",Campaigns!$J$13) | E28: =IF(Campaigns!$A$13="","",Campaigns!$K$13) | F28: =IF(Campaigns!$A$13="","",Campaigns!$L$13) | G28: =IF(Campaigns!$A$13="","",Campaigns!$I$13) | H28: =IF(Campaigns!$A$13="","",Campaigns!$M$13)
A29: =IF(Campaigns!$A$14="","",Campaigns!$A$14) | B29: =IF(Campaigns!$A$14="","",Campaigns!$B$14) | C29: =IF(Campaigns!$A$14="","",IF(Campaigns!$H$14="","",Campaigns!$H$14)) | D29: =IF(Campaigns!$A$14="","",Campaigns!$J$14) | E29: =IF(Campaigns!$A$14="","",Campaigns!$K$14) | F29: =IF(Campaigns!$A$14="","",Campaigns!$L$14) | G29: =IF(Campaigns!$A$14="","",Campaigns!$I$14) | H29: =IF(Campaigns!$A$14="","",Campaigns!$M$14)
A30: =IF(Campaigns!$A$15="","",Campaigns!$A$15) | B30: =IF(Campaigns!$A$15="","",Campaigns!$B$15) | C30: =IF(Campaigns!$A$15="","",IF(Campaigns!$H$15="","",Campaigns!$H$15)) | D30: =IF(Campaigns!$A$15="","",Campaigns!$J$15) | E30: =IF(Campaigns!$A$15="","",Campaigns!$K$15) | F30: =IF(Campaigns!$A$15="","",Campaigns!$L$15) | G30: =IF(Campaigns!$A$15="","",Campaigns!$I$15) | H30: =IF(Campaigns!$A$15="","",Campaigns!$M$15)

Sheet Campaigns
A1: Campaign Records
A2: Enter campaign administration data in the yellow cells. All sample campaigns, owners, and amounts are fictional.
A5: Campaign ID | B5: Campaign Name | C5: Start Date | D5: End Date | E5: Channel | F5: Owner | G5: Budget | H5: Actual Cost | I5: Status | J5: Attributed Revenue | K5: Net Return | L5: ROI | M5: Human Check
A6: FIC-CMP-001 | B6: Welcome Bundle Mailer | C6: 46027 | D6: 46068 | E6: Direct Mail | F6: Avery North (Fictional) | G6: 4500 | H6: 4200 | I6: Complete | J6: =IF(OR($A6="",Assumptions!$J$6=""),"",IFERROR(SUMIFS(Transactions!$F$6:$F$105,Transactions!$A$6:$A$105,$A6,Transactions!$H$6:$H$105,Assumptions!$J$6),"")) | K6: =IF(OR($A6="",$H6="",$J6=""),"",IFERROR($J6-$H6,"")) | L6: =IF(OR($A6="",$H6="",$H6<=0,$K6=""),"",IFERROR($K6/$H6,"")) | M6: =IF($A6="","",IF($H6="","Enter actual cost",IF(AND($H6=0,$J6>0),"Check $0 cost",IF(AND($G6<>"",$H6>$G6),"Review over budget",IF(AND(ISNUMBER($L6),$L6<Assumptions!$J$5),"Review low ROI","")))))
A7: FIC-CMP-002 | B7: Small Business Email | C7: 46054 | D7: 46112 | E7: Email | F7: Jordan Vale (Fictional) | G7: 3000 | H7: 2750 | I7: Complete | J7: =IF(OR($A7="",Assumptions!$J$6=""),"",IFERROR(SUMIFS(Transactions!$F$6:$F$105,Transactions!$A$6:$A$105,$A7,Transactions!$H$6:$H$105,Assumptions!$J$6),"")) | K7: =IF(OR($A7="",$H7="",$J7=""),"",IFERROR($J7-$H7,"")) | L7: =IF(OR($A7="",$H7="",$H7<=0,$K7=""),"",IFERROR($K7/$H7,"")) | M7: =IF($A7="","",IF($H7="","Enter actual cost",IF(AND($H7=0,$J7>0),"Check $0 cost",IF(AND($G7<>"",$H7>$G7),"Review over budget",IF(AND(ISNUMBER($L7),$L7<Assumptions!$J$5),"Review low ROI","")))))
A8: FIC-CMP-003 | B8: Community Booth Pilot | C8: 46122 | D8: 46124 | E8: Community Event | F8: Morgan Cedar (Fictional) | G8: 6000 | H8: 6350 | I8: Complete | J8: =IF(OR($A8="",Assumptions!$J$6=""),"",IFERROR(SUMIFS(Transactions!$F$6:$F$105,Transactions!$A$6:$A$105,$A8,Transactions!$H$6:$H$105,Assumptions!$J$6),"")) | K8: =IF(OR($A8="",$H8="",$J8=""),"",IFERROR($J8-$H8,"")) | L8: =IF(OR($A8="",$H8="",$H8<=0,$K8=""),"",IFERROR($K8/$H8,"")) | M8: =IF($A8="","",IF($H8="","Enter actual cost",IF(AND($H8=0,$J8>0),"Check $0 cost",IF(AND($G8<>"",$H8>$G8),"Review over budget",IF(AND(ISNUMBER($L8),$L8<Assumptions!$J$5),"Review low ROI","")))))
A9: FIC-CMP-004 | B9: Summer Referral Outreach | C9: 46143 | D9: 46234 | E9: Referral Outreach | F9: Riley Harbor (Fictional) | G9: 2500 | H9: 1900 | I9: Complete | J9: =IF(OR($A9="",Assumptions!$J$6=""),"",IFERROR(SUMIFS(Transactions!$F$6:$F$105,Transactions!$A$6:$A$105,$A9,Transactions!$H$6:$H$105,Assumptions!$J$6),"")) | K9: =IF(OR($A9="",$H9="",$J9=""),"",IFERROR($J9-$H9,"")) | L9: =IF(OR($A9="",$H9="",$H9<=0,$K9=""),"",IFERROR($K9/$H9,"")) | M9: =IF($A9="","",IF($H9="","Enter actual cost",IF(AND($H9=0,$J9>0),"Check $0 cost",IF(AND($G9<>"",$H9>$G9),"Review over budget",IF(AND(ISNUMBER($L9),$L9<Assumptions!$J$5),"Review low ROI","")))))
A10: FIC-CMP-005 | B10: Home Review Digital Ads | C10: 46188 | D10: 46249 | E10: Digital Ad | F10: Avery North (Fictional) | G10: 5200 | H10: 4980 | I10: Complete | J10: =IF(OR($A10="",Assumptions!$J$6=""),"",IFERROR(SUMIFS(Transactions!$F$6:$F$105,Transactions!$A$6:$A$105,$A10,Transactions!$H$6:$H$105,Assumptions!$J$6),"")) | K10: =IF(OR($A10="",$H10="",$J10=""),"",IFERROR($J10-$H10,"")) | L10: =IF(OR($A10="",$H10="",$H10<=0,$K10=""),"",IFERROR($K10/$H10,"")) | M10: =IF($A10="","",IF($H10="","Enter actual cost",IF(AND($H10=0,$J10>0),"Check $0 cost",IF(AND($G10<>"",$H10>$G10),"Review over budget",IF(AND(ISNUMBER($L10),$L10<Assumptions!$J$5),"Review low ROI","")))))
A11: FIC-CMP-006 | B11: Fictional Farm Postcard | C11: 46204 | D11: 46295 | E11: Direct Mail | F11: Jordan Vale (Fictional) | G11: 4100 | H11: 3000 | I11: Active | J11: =IF(OR($A11="",Assumptions!$J$6=""),"",IFERROR(SUMIFS(Transactions!$F$6:$F$105,Transactions!$A$6:$A$105,$A11,Transactions!$H$6:$H$105,Assumptions!$J$6),"")) | K11: =IF(OR($A11="",$H11="",$J11=""),"",IFERROR($J11-$H11,"")) | L11: =IF(OR($A11="",$H11="",$H11<=0,$K11=""),"",IFERROR($K11/$H11,"")) | M11: =IF($A11="","",IF($H11="","Enter actual cost",IF(AND($H11=0,$J11>0),"Check $0 cost",IF(AND($G11<>"",$H11>$G11),"Review over budget",IF(AND(ISNUMBER($L11),$L11<Assumptions!$J$5),"Review low ROI","")))))
A12: FIC-CMP-007 | B12: Fall Account Check-In | C12: 46266 | D12: 46326 | E12: Email | F12: Morgan Cedar (Fictional) | G12: 2800 | H12: 750 | I12: Active | J12: =IF(OR($A12="",Assumptions!$J$6=""),"",IFERROR(SUMIFS(Transactions!$F$6:$F$105,Transactions!$A$6:$A$105,$A12,Transactions!$H$6:$H$105,Assumptions!$J$6),"")) | K12: =IF(OR($A12="",$H12="",$J12=""),"",IFERROR($J12-$H12,"")) | L12: =IF(OR($A12="",$H12="",$H12<=0,$K12=""),"",IFERROR($K12/$H12,"")) | M12: =IF($A12="","",IF($H12="","Enter actual cost",IF(AND($H12=0,$J12>0),"Check $0 cost",IF(AND($G12<>"",$H12>$G12),"Review over budget",IF(AND(ISNUMBER($L12),$L12<Assumptions!$J$5),"Review low ROI","")))))
A13: FIC-CMP-008 | B13: Year-End Business Review | C13: 46296 | D13: 46371 | E13: Email | F13: Riley Harbor (Fictional) | G13: 3600 | I13: Planned | J13: =IF(OR($A13="",Assumptions!$J$6=""),"",IFERROR(SUMIFS(Transactions!$F$6:$F$105,Transactions!$A$6:$A$105,$A13,Transactions!$H$6:$H$105,Assumptions!$J$6),"")) | K13: =IF(OR($A13="",$H13="",$J13=""),"",IFERROR($J13-$H13,"")) | L13: =IF(OR($A13="",$H13="",$H13<=0,$K13=""),"",IFERROR($K13/$H13,"")) | M13: =IF($A13="","",IF($H13="","Enter actual cost",IF(AND($H13=0,$J13>0),"Check $0 cost",IF(AND($G13<>"",$H13>$G13),"Review over budget",IF(AND(ISNUMBER($L13),$L13<Assumptions!$J$5),"Review low ROI","")))))
A14: FIC-CMP-009 | B14: Neighborhood Sponsor Test | C14: 46254 | D14: 46285 | E14: Community Event | F14: Avery North (Fictional) | G14: 1800 | H14: 1250 | I14: Active | J14: =IF(OR($A14="",Assumptions!$J$6=""),"",IFERROR(SUMIFS(Transactions!$F$6:$F$105,Transactions!$A$6:$A$105,$A14,Transactions!$H$6:$H$105,Assumptions!$J$6),"")) | K14: =IF(OR($A14="",$H14="",$J14=""),"",IFERROR($J14-$H14,"")) | L14: =IF(OR($A14="",$H14="",$H14<=0,$K14=""),"",IFERROR($K14/$H14,"")) | M14: =IF($A14="","",IF($H14="","Enter actual cost",IF(AND($H14=0,$J14>0),"Check $0 cost",IF(AND($G14<>"",$H14>$G14),"Review over budget",IF(AND(ISNUMBER($L14),$L14<Assumptions!$J$5),"Review low ROI","")))))
A15: FIC-CMP-010 | B15: No-Cost Referral Reminder | C15: 46235 | D15: 46265 | E15: Referral Outreach | F15: Jordan Vale (Fictional) | G15: 0 | H15: 0 | I15: Complete | J15: =IF(OR($A15="",Assumptions!$J$6=""),"",IFERROR(SUMIFS(Transactions!$F$6:$F$105,Transactions!$A$6:$A$105,$A15,Transactions!$H$6:$H$105,Assumptions!$J$6),"")) | K15: =IF(OR($A15="",$H15="",$J15=""),"",IFERROR($J15-$H15,"")) | L15: =IF(OR($A15="",$H15="",$H15<=0,$K15=""),"",IFERROR($K15/$H15,"")) | M15: =IF($A15="","",IF($H15="","Enter actual cost",IF(AND($H15=0,$J15>0),"Check $0 cost",IF(AND($G15<>"",$H15>$G15),"Review over budget",IF(AND(ISNUMBER($L15),$L15<Assumptions!$J$5),"Review low ROI","")))))
J16: =IF(OR($A16="",Assumptions!$J$6=""),"",IFERROR(SUMIFS(Transactions!$F$6:$F$105,Transactions!$A$6:$A$105,$A16,Transactions!$H$6:$H$105,Assumptions!$J$6),"")) | K16: =IF(OR($A16="",$H16="",$J16=""),"",IFERROR($J16-$H16,"")) | L16: =IF(OR($A16="",$H16="",$H16<=0,$K16=""),"",IFERROR($K16/$H16,"")) | M16: =IF($A16="","",IF($H16="","Enter actual cost",IF(AND($H16=0,$J16>0),"Check $0 cost",IF(AND($G16<>"",$H16>$G16),"Review over budget",IF(AND(ISNUMBER($L16),$L16<Assumptions!$J$5),"Review low ROI","")))))
J17: =IF(OR($A17="",Assumptions!$J$6=""),"",IFERROR(SUMIFS(Transactions!$F$6:$F$105,Transactions!$A$6:$A$105,$A17,Transactions!$H$6:$H$105,Assumptions!$J$6),"")) | K17: =IF(OR($A17="",$H17="",$J17=""),"",IFERROR($J17-$H17,"")) | L17: =IF(OR($A17="",$H17="",$H17<=0,$K17=""),"",IFERROR($K17/$H17,"")) | M17: =IF($A17="","",IF($H17="","Enter actual cost",IF(AND($H17=0,$J17>0),"Check $0 cost",IF(AND($G17<>"",$H17>$G17),"Review over budget",IF(AND(ISNUMBER($L17),$L17<Assumptions!$J$5),"Review low ROI","")))))
J18: =IF(OR($A18="",Assumptions!$J$6=""),"",IFERROR(SUMIFS(Transactions!$F$6:$F$105,Transactions!$A$6:$A$105,$A18,Transactions!$H$6:$H$105,Assumptions!$J$6),"")) | K18: =IF(OR($A18="",$H18="",$J18=""),"",IFERROR($J18-$H18,"")) | L18: =IF(OR($A18="",$H18="",$H18<=0,$K18=""),"",IFERROR($K18/$H18,"")) | M18: =IF($A18="","",IF($H18="","Enter actual cost",IF(AND($H18=0,$J18>0),"Check $0 cost",IF(AND($G18<>"",$H18>$G18),"Review over budget",IF(AND(ISNUMBER($L18),$L18<Assumptions!$J$5),"Review low ROI","")))))
J19: =IF(OR($A19="",Assumptions!$J$6=""),"",IFERROR(SUMIFS(Transactions!$F$6:$F$105,Transactions!$A$6:$A$105,$A19,Transactions!$H$6:$H$105,Assumptions!$J$6),"")) | K19: =IF(OR($A19="",$H19="",$J19=""),"",IFERROR($J19-$H19,"")) | L19: =IF(OR($A19="",$H19="",$H19<=0,$K19=""),"",IFERROR($K19/$H19,"")) | M19: =IF($A19="","",IF($H19="","Enter actual cost",IF(AND($H19=0,$J19>0),"Check $0 cost",IF(AND($G19<>"",$H19>$G19),"Review over budget",IF(AND(ISNUMBER($L19),$L19<Assumptions!$J$5),"Review low ROI","")))))
J20: =IF(OR($A20="",Assumptions!$J$6=""),"",IFERROR(SUMIFS(Transactions!$F$6:$F$105,Transactions!$A$6:$A$105,$A20,Transactions!$H$6:$H$105,Assumptions!$J$6),"")) | K20: =IF(OR($A20="",$H20="",$J20=""),"",IFERROR($J20-$H20,"")) | L20: =IF(OR($A20="",$H20="",$H20<=0,$K20=""),"",IFERROR($K20/$H20,"")) | M20: =IF($A20="","",IF($H20="","Enter actual cost",IF(AND($H20=0,$J20>0),"Check $0 cost",IF(AND($G20<>"",$H20>$G20),"Review over budget",IF(AND(ISNUMBER($L20),$L20<Assumptions!$J$5),"Review low ROI","")))))
J21: =IF(OR($A21="",Assumptions!$J$6=""),"",IFERROR(SUMIFS(Transactions!$F$6:$F$105,Transactions!$A$6:$A$105,$A21,Transactions!$H$6:$H$105,Assumptions!$J$6),"")) | K21: =IF(OR($A21="",$H21="",$J21=""),"",IFERROR($J21-$H21,"")) | L21: =IF(OR($A21="",$H21="",$H21<=0,$K21=""),"",IFERROR($K21/$H21,"")) | M21: =IF($A21="","",IF($H21="","Enter actual cost",IF(AND($H21=0,$J21>0),"Check $0 cost",IF(AND($G21<>"",$H21>$G21),"Review over budget",IF(AND(ISNUMBER($L21),$L21<Assumptions!$J$5),"Review low ROI","")))))
J22: =IF(OR($A22="",Assumptions!$J$6=""),"",IFERROR(SUMIFS(Transactions!$F$6:$F$105,Transactions!$A$6:$A$105,$A22,Transactions!$H$6:$H$105,Assumptions!$J$6),"")) | K22: =IF(OR($A22="",$H22="",$J22=""),"",IFERROR($J22-$H22,"")) | L22: =IF(OR($A22="",$H22="",$H22<=0,$K22=""),"",IFERROR($K22/$H22,"")) | M22: =IF($A22="","",IF($H22="","Enter actual cost",IF(AND($H22=0,$J22>0),"Check $0 cost",IF(AND($G22<>"",$H22>$G22),"Review over budget",IF(AND(ISNUMBER($L22),$L22<Assumptions!$J$5),"Review low ROI","")))))
J23: =IF(OR($A23="",Assumptions!$J$6=""),"",IFERROR(SUMIFS(Transactions!$F$6:$F$105,Transactions!$A$6:$A$105,$A23,Transactions!$H$6:$H$105,Assumptions!$J$6),"")) | K23: =IF(OR($A23="",$H23="",$J23=""),"",IFERROR($J23-$H23,"")) | L23: =IF(OR($A23="",$H23="",$H23<=0,$K23=""),"",IFERROR($K23/$H23,"")) | M23: =IF($A23="","",IF($H23="","Enter actual cost",IF(AND($H23=0,$J23>0),"Check $0 cost",IF(AND($G23<>"",$H23>$G23),"Review over budget",IF(AND(ISNUMBER($L23),$L23<Assumptions!$J$5),"Review low ROI","")))))
J24: =IF(OR($A24="",Assumptions!$J$6=""),"",IFERROR(SUMIFS(Transactions!$F$6:$F$105,Transactions!$A$6:$A$105,$A24,Transactions!$H$6:$H$105,Assumptions!$J$6),"")) | K24: =IF(OR($A24="",$H24="",$J24=""),"",IFERROR($J24-$H24,"")) | L24: =IF(OR($A24="",$H24="",$H24<=0,$K24=""),"",IFERROR($K24/$H24,"")) | M24: =IF($A24="","",IF($H24="","Enter actual cost",IF(AND($H24=0,$J24>0),"Check $0 cost",IF(AND($G24<>"",$H24>$G24),"Review over budget",IF(AND(ISNUMBER($L24),$L24<Assumptions!$J$5),"Review low ROI","")))))
J25: =IF(OR($A25="",Assumptions!$J$6=""),"",IFERROR(SUMIFS(Transactions!$F$6:$F$105,Transactions!$A$6:$A$105,$A25,Transactions!$H$6:$H$105,Assumptions!$J$6),"")) | K25: =IF(OR($A25="",$H25="",$J25=""),"",IFERROR($J25-$H25,"")) | L25: =IF(OR($A25="",$H25="",$H25<=0,$K25=""),"",IFERROR($K25/$H25,"")) | M25: =IF($A25="","",IF($H25="","Enter actual cost",IF(AND($H25=0,$J25>0),"Check $0 cost",IF(AND($G25<>"",$H25>$G25),"Review over budget",IF(AND(ISNUMBER($L25),$L25<Assumptions!$J$5),"Review low ROI","")))))
J26: =IF(OR($A26="",Assumptions!$J$6=""),"",IFERROR(SUMIFS(Transactions!$F$6:$F$105,Transactions!$A$6:$A$105,$A26,Transactions!$H$6:$H$105,Assumptions!$J$6),"")) | K26: =IF(OR($A26="",$H26="",$J26=""),"",IFERROR($J26-$H26,"")) | L26: =IF(OR($A26="",$H26="",$H26<=0,$K26=""),"",IFERROR($K26/$H26,"")) | M26: =IF($A26="","",IF($H26="","Enter actual cost",IF(AND($H26=0,$J26>0),"Check $0 cost",IF(AND($G26<>"",$H26>$G26),"Review over budget",IF(AND(ISNUMBER($L26),$L26<Assumptions!$J$5),"Review low ROI","")))))
J27: =IF(OR($A27="",Assumptions!$J$6=""),"",IFERROR(SUMIFS(Transactions!$F$6:$F$105,Transactions!$A$6:$A$105,$A27,Transactions!$H$6:$H$105,Assumptions!$J$6),"")) | K27: =IF(OR($A27="",$H27="",$J27=""),"",IFERROR($J27-$H27,"")) | L27: =IF(OR($A27="",$H27="",$H27<=0,$K27=""),"",IFERROR($K27/$H27,"")) | M27: =IF($A27="","",IF($H27="","Enter actual cost",IF(AND($H27=0,$J27>0),"Check $0 cost",IF(AND($G27<>"",$H27>$G27),"Review over budget",IF(AND(ISNUMBER($L27),$L27<Assumptions!$J$5),"Review low ROI","")))))
... J105: =IF(OR($A105="",Assumptions!$J$6=""),"",IFERROR(SUMIFS(Transactions!$F$6:$F$105,Transactions!$A$6:$A$105,$A105,Transactions!$H$6:$H$105,Assumptions!$J$6),"")) | K105: =IF(OR($A105="",$H105="",$J105=""),"",IFERROR($J105-$H105,"")) | L105: =IF(OR($A105="",$H105="",$H105<=0,$K105=""),"",IFERROR($K105/$H105,"")) | M105: =IF($A105="","",IF($H105="","Enter actual cost",IF(AND($H105=0,$J105>0),"Check $0 cost",IF(AND($G105<>"",$H105>$G105),"Review over budget",IF(AND(ISNUMBER($L105),$L105<Assumptions!$J$5),"Review low ROI","")))))

Sheet Transactions
A1: Commission Revenue Records
A2: Record commission revenue attributed to a campaign. All sample references, descriptions, owners, and amounts are fictional.
A5: Campaign ID | B5: Transaction Date | C5: Revenue Ref | D5: Policy Ref | E5: Description | F5: Commission Revenue | G5: Owner | H5: Revenue Status
A6: FIC-CMP-001 | B6: 46058 | C6: FIC-REV-26001 | D6: FIC-POL-26001 | E6: Fictional new-policy commission | F6: 5200 | G6: Avery North (Fictional) | H6: Received
A7: FIC-CMP-001 | B7: 46065 | C7: FIC-REV-26002 | D7: FIC-POL-26002 | E7: Fictional renewal commission | F7: 800 | G7: Avery North (Fictional) | H7: Pending
A8: FIC-CMP-002 | B8: 46096 | C8: FIC-REV-26003 | D8: FIC-POL-26003 | E8: Fictional commercial commission | F8: 4100 | G8: Jordan Vale (Fictional) | H8: Received
A9: FIC-CMP-003 | B9: 46123 | C9: FIC-REV-26004 | D9: FIC-POL-26004 | E9: Fictional event-attributed commission | F9: 5900 | G9: Morgan Cedar (Fictional) | H9: Received
A10: FIC-CMP-003 | B10: 46124 | C10: FIC-REV-26005 | D10: FIC-POL-26005 | E10: Fictional pending event commission | F10: 700 | G10: Morgan Cedar (Fictional) | H10: Pending
A11: FIC-CMP-004 | B11: 46198 | C11: FIC-REV-26006 | D11: FIC-POL-26006 | E11: Fictional referral commission | F11: 3200 | G11: Riley Harbor (Fictional) | H11: Received
A12: FIC-CMP-005 | B12: 46223 | C12: FIC-REV-26007 | D12: FIC-POL-26007 | E12: Fictional commission adjustment | F12: -400 | G12: Avery North (Fictional) | H12: Reversed
A13: FIC-CMP-005 | B13: 46239 | C13: FIC-REV-26008 | D13: FIC-POL-26008 | E13: Fictional digital-attributed commission | F13: 6800 | G13: Avery North (Fictional) | H13: Received
A14: FIC-CMP-006 | B14: 46264 | C14: FIC-REV-26009 | D14: FIC-POL-26009 | E14: Fictional postcard response commission | F14: 2500 | G14: Jordan Vale (Fictional) | H14: Pending
A15: FIC-CMP-007 | B15: 46273 | C15: FIC-REV-26010 | D15: FIC-POL-26010 | E15: Fictional account check-in commission | F15: 900 | G15: Morgan Cedar (Fictional) | H15: Received
A16: FIC-CMP-009 | B16: 46266 | C16: FIC-REV-26011 | D16: FIC-POL-26011 | E16: Fictional sponsor-attributed commission | F16: 1700 | G16: Avery North (Fictional) | H16: Received
A17: FIC-CMP-010 | B17: 46249 | C17: FIC-REV-26012 | D17: FIC-POL-26012 | E17: Fictional reminder-attributed commission | F17: 350 | G17: Jordan Vale (Fictional) | H17: Received

Sheet Assumptions
A1: Editable Assumptions and Lists
A2: Edit these visible choices and review settings as agency procedures change. These settings do not provide coverage, legal, tax, or compliance advice.
A4: Campaign Channels | C4: Campaign Statuses | E4: Revenue Statuses | G4: Owners | I4: ROI Setting | J4: Value
A5: Direct Mail | C5: Planned | E5: Received | G5: Avery North (Fictional) | I5: ROI review threshold | J5: 0
A6: Email | C6: Active | E6: Pending | G6: Jordan Vale (Fictional) | I6: Included revenue status | J6: Received
A7: Community Event | C7: Paused | E7: Reversed | G7: Morgan Cedar (Fictional)
A8: Digital Ad | C8: Complete | G8: Riley Harbor (Fictional)
A9: Referral Outreach
A10: Other
